 Dungeon Crawl Stone Soup version 0.30-b1-2-g02819fbbbe (webtiles) character file.

Game seed: 11556681635581340074

313 Borgoz the Cutter (level 6, -1/39 HPs)
             Began as a Kobold Berserker on June 25, 2023.
             Was a Priest of Trog.
             Slain by a sleepcap (6 damage)
             ... on level 4 of the Dungeon.
             The game lasted 00:04:49 (3028 turns).

Borgoz the Cutter (Kobold Berserker)                Turns: 3028, Time: 00:04:50

Health: -1/39      AC:  8    Str: 14    XL:     6   Next: 71%
Magic:  6/6        EV: 16    Int:  8    God:    Trog [***...]
Gold:   217        SH:  0    Dex: 17    Spells: 5/5 levels left

rFire   . . .        a - +0 short sword
rCold   . . .        (no shield)
rNeg    . . .        b - +0 animal skin
rPois   .            (no helmet)
rElec   .            l - +2 cloak {rCorr}
rCorr   +            m - +1 pair of gloves
SInv    .            h - +0 pair of boots
Will    ++...        (no amulet)
Stlth   ++++         (no ring)
HPRegen 1.26/turn    (no ring)
MPRegen 0.10/turn

%: no passive effects
@: strong-willed, on berserk cooldown, regenerating, slowed, very slow
A: small, no large weapons, nightstalker 3
a: Renounce Religion, Berserk, Trog's Hand


You were on level 4 of the Dungeon.
You worshipped Trog.
Trog was most pleased with you.
You visited 1 branch of the dungeon, and saw 4 of its levels.

You collected 217 gold pieces.

Inventory:

Hand Weapons
 a - a +0 short sword (weapon)
Armour
 b - a +0 animal skin (worn)
 h - a +0 pair of boots (worn)
 l - a +2 cloak of preservation (worn)
 m - a +1 pair of gloves (worn)
Jewellery
 q - a ring of protection from fire
Wands
 j - a wand of flame (26)
Scrolls
 c - 5 scrolls of teleportation
 d - a scroll of magic mapping {unknown}
 e - 3 scrolls of enchant weapon {unknown}
 g - 3 scrolls of fog {unknown}
 p - 3 scrolls of poison {unknown}
 r - 2 scrolls of amnesia {unknown}
Potions
 f - a potion of might {unknown}
 i - 3 potions of heal wounds
 k - a potion of ambrosia
 n - a potion of brilliance {unknown}
 o - a potion of curing {unknown}


   Skills:
 + Level 4.5 Fighting
 + Level 5.5 Short Blades
 + Level 2.7 Armour
 + Level 4.0 Dodging
 + Level 3.7 Stealth


You had 5 spell levels left.
You didn't know any spells.
Your spell library was empty.

Dungeon Overview and Level Annotations

Branches:
Dungeon (4/15)
 Temple: D:4-7

Altars:
Ashenzari

Shops:
D:3 !


Innate Abilities, Weirdness & Mutations

You are small and have problems with some larger weapons.
You are completely attuned to the shadows.


Message History

You hit the sleepcap.
The sleepcap is moderately damaged.
The sleepcap misses you.
You hit the sleepcap but do no damage.
The sleepcap is moderately damaged.
The sleepcap completely misses you.
You hit the sleepcap but do no damage.
The sleepcap is moderately damaged.
The sleepcap releases spores at you.
You hit the sleepcap but do no damage.
The sleepcap is moderately damaged.
The sleepcap misses you. The sleepcap closely misses you.
You hit the sleepcap but do no damage.
The sleepcap is moderately damaged.
The sleepcap releases spores at you.
You hit the sleepcap but do no damage.
The sleepcap is moderately damaged.
The sleepcap closely misses you.
You hit the sleepcap.
The sleepcap is moderately damaged.
The sleepcap releases spores at you but does no damage.
You hit the sleepcap but do no damage.
The sleepcap is moderately damaged.
The sleepcap releases spores at you.
You are engulfed in a cloud of soporific spores!
You fall asleep.
The sleepcap releases spores at you!
You wake up.
* * * LOW HITPOINT WARNING * * *
You are engulfed in a cloud of soporific spores!
You are unaffected.
Your skin crawls.
You feel strong-willed. The sleepcap releases spores at you.
* * * LOW HITPOINT WARNING * * *
The sleepcap releases spores at you.
* * * LOW HITPOINT WARNING * * *
Things that are here:
a +0 spear; a gnoll corpse The sleepcap releases spores at you.
You die...

#....).#
#....
####.######
#....
#..)†###
#..##
#......#
#....
#....#.#
#..##
#....#.# .
######.# ##
#####.# #.
#)f@..# #.
#.##### #.
#.# #.
#.##### #.
#...g.. #.
####... ##
.. .


You could see a sleepcap.

Vanquished Creatures
  An ogre (D:4)
  Crazy Yiuf (D:2)
  Robin (D:2)
  2 gnolls (D:4)
  6 adders
  An ufetubus (D:4)
  A worm (D:2)
  A dart slug (D:3)
  8 orcs
  6 endoplasms
  5 giant cockroaches
  15 goblins
  11 hobgoblins
  4 jackals (D:1)
  3 quokkas
  5 ball pythons
  7 bats
  A frilled lizard (D:1)
  5 kobolds
  7 rats
91 creatures vanquished.

Notes
Turn   | Place    | Note
-------+----------+-------------------------------------------
     0 | D:1      | Borgoz the Kobold Berserker began the quest for the Orb.
     0 | D:1      | Reached XP level 1. HP: 14/14 MP: 1/1
   101 | D:1      | Reached XP level 2. HP: 18/19 MP: 2/2
   177 | D:1      | Reached skill level 1 in Stealth
   377 | D:1      | Reached XP level 3. HP: 23/23 MP: 3/3
   548 | D:1      | Reached ** piety under Trog
   923 | D:2      | Identified the +2 helmet of the Orb Guardian {rF+ Will-
                  | Str-5 Int+7}
   923 | D:2      | Noticed Robin
   993 | D:1      | Reached XP level 4. HP: 27/29 MP: 4/4
  1105 | D:2      | Killed Robin
  1340 | D:2      | Found a broken altar of Ashenzari.
  1570 | D:2      | Reached XP level 5. HP: 29/33 MP: 5/5
  1933 | D:2      | Found a runed translucent door.
  1936 | D:2      | Noticed Crazy Yiuf
  1944 | D:2      | Killed Crazy Yiuf
  2057 | D:3      | Reached skill level 5 in Short Blades
  2089 | D:3      | Reached *** piety under Trog
  2256 | D:3      | Found Syphut's Distillery.
  2702 | D:4      | Noticed an ogre
  2711 | D:4      | Killed an ogre
  2712 | D:4      | Reached XP level 6. HP: 24/39 MP: 6/6
  3026 | D:4      | HP: 1/39 [sleepcap (2)]
  3028 | D:4      | Slain by a sleepcap

Illustrated notes

Levels and vault maps discovered:
D:1:      dpeg_arrival_tiny_h, layout_basic, nicolae_figureground_pulse
D:2:      layout_basic, basic_altar, nicolae_concentric_dashed_squares_mild,
          chequers_serial_rivers_room_b, minmay_fractal_squares_gapless_5,
          uniq_crazy_yiuf_cottage, uniq_robin
D:3:      layout_rooms, serial_shops, shop, grunt_ministairs_6,
          minmay_misc_feat_columns, minmay_misc_feat_tiny,
          chequers_decorated_corner
D:4:      layout_basic

Skill      XL: |  1  2  3  4  5  6 |
---------------+-------------------+-----
Stealth        | 1 2 3 |  3.7
Dodging        | 3 4 |  4.0
Armour         | 2 |  2.7
Fighting       | 4 |  4.5
Short Blades   | 5 |  5.5

Action                     |  1- 3 |  4- 6 || total
---------------------------+-------+-------++-------
  Melee: Short sword       |   132 |   249 ||   381
         Punch             |     2 |     1 ||     3
 Invoke: Berserk           |       |     2 ||     2
         Trog's Hand       |       |     1 ||     1
    Use: Scroll            |     1 |     2 ||     3
   Stab: Sleeping          |    13 |    18 ||    31
 Armour: Animal skin       |    21 |    43 ||    64
  Dodge: Dodged            |    90 |   168 ||   258
